 Dungeon Crawl Stone Soup version 0.17-a0-1719-g1afd5a1 (webtiles) character file.

95 matakusis the Ducker (level 4, -1/34 HPs)
             Began as a Demonspawn Gladiator on Aug 26, 2015.
             Slain by a scorpion (9 damage)
             ... on level 4 of the Dungeon on Aug 27, 2015.
             The game lasted 00:13:56 (3552 turns).

matakusis the Ducker (Demonspawn Gladiator)         Turns: 3552, Time: 00:13:56

Health: -1/34      AC:  4    Str: 15    XL:     4   Next: 39%
Magic:  4/4        EV: 13    Int:  9    God:
Gold:   192        SH:  4    Dex: 15    Spells: 0 memorised, 3 levels left

rFire  . . .     SeeInvis .     a - +0 war axe
rCold  . . .     Clarity  .     b - +0 leather armour
rNeg   + . .     SustAt   .     m - +0 buckler
rPois  .         Gourm    .     c - +0 helmet
rElec  .         Spirit   .     (no cloak)
rCorr  .         Warding  .     (no gloves)
rMut   .         Stasis   .     (no boots)
MR     .....                    (no amulet)
Stlth  +.........               (no ring)
                                h - ring of positive energy

@: lethally poisoned (-1 -> -16), not resistant to hostile enchantments, very
unstealthy
A: powered by death 1
a: no special abilities


You were on level 4 of the Dungeon.
You were very hungry.

You visited 1 branch of the dungeon, and saw 4 of its levels.

You collected 192 gold pieces.

Inventory:

Hand weapons
 a - a +0 war axe (weapon)
Missiles
 d - 3 throwing nets (quivered)
Armour
 b - a +0 leather armour (worn)
 c - a +0 helmet (worn)
 m - a +0 buckler (worn)
Jewellery
 h - a ring of positive energy (left hand)
Scrolls
 j - 2 scrolls of remove curse
 k - a scroll of fear {unknown}
 l - a scroll of random uselessness {unknown}
 o - 2 scrolls of identify
Potions
 g - a potion of brilliance
Comestibles
 e - 2 bread rations
 f - a meat ration
 i - a beef jerky


   Skills:
 + Level 2.4 Fighting
 + Level 3.1 Axes
 - Level 1.7 Throwing
 + Level 1.1 Armour
 * Level 3.7 Dodging
 * Level 1.0 Shields


You had 3 spell levels left.
You didn't know any spells.

Dungeon Overview and Level Annotations

Branches:
Dungeon (4/15)
 Temple: D:4-7

Altars:
Fedhas
Nemelex Xobeh
Qazlal


Innate Abilities, Weirdness & Mutations

You regenerate a little health from kills.


Message History

You slash the scorpion!
The scorpion is heavily wounded.
The scorpion stings you.
You are poisoned.
The scorpion poisons you!
You hit the scorpion.
The scorpion is severely wounded.
You feel sick. The scorpion closely misses you.
You hit the scorpion but do no damage.
The scorpion is severely wounded.
You completely miss the phantom.
You feel sick. The scorpion stings you!
* * * LOW HITPOINT WARNING * * *
You are lethally poisoned!
The scorpion poisons you! You block the phantom's attack.
The scorpion misses you. The phantom closely misses you.
Drink which item? (? for menu, Esc to quit)
It was a potion of cancellation.
You feel magically purged.
* * * LOW HITPOINT WARNING * * *
You feel sick. The scorpion stings you!
You die...

#.# ##......##
..# #..##...#
#.# ##......##
#..# #.......#
#..# #.......##
#.<.......#
...........##
##...........##
#.........W@.#
..........).s.#
..............#
..........$...#
..............#
................
....[...)....##
..........?..#


You could see a phantom and a scorpion.

Vanquished Creatures
  4 adders
  An ooze (D:1)
  2 worms
  A giant gecko (D:3)
  A ball python (D:1)
  5 bats
  2 giant cockroaches (D:1)
  4 hobgoblins
  4 jackals (D:1)
  7 kobolds
  A giant gecko skeleton (D:4)
  A giant newt (D:1)
  6 goblins
  3 quokkas
  11 rats
53 creatures vanquished.

Notes
Turn   | Place    | Note
--------------------------------------------------------------
     0 | D:1      | matakusis the Demonspawn Gladiator began the quest for the Orb.
     0 | D:1      | Reached XP level 1. HP: 16/16 MP: 1/1
    69 | D:1      | Reached skill level 3 in Dodging
    69 | D:1      | Gained mutation: You regenerate a little health from kills. [demonic ancestry]
    69 | D:1      | Reached XP level 2. HP: 22/22 MP: 2/2
   661 | D:1      | Reached XP level 3. HP: 22/27 MP: 3/3
  1347 | D:2      | Upgraded the game from 0.17-a0-1718-g72dbe4d to 0.17-a0-1719-g1afd5a1
  2078 | D:3      | Found a blossoming altar of Fedhas.
  2311 | D:3      | Reached XP level 4. HP: 34/34 MP: 4/4
  2614 | D:3      | Found a sparkling altar of Nemelex Xobeh.
  2963 | D:4      | Reached skill level 1 in Armour
  2988 | D:4      | Reached skill level 1 in Shields
  3024 | D:4      | Noticed a phantom
  3069 | D:4      | Found a stormy altar of Qazlal.
  3552 | D:4      | Slain by a scorpion

Vault maps used:
D:1:      lightli_iron_boxes
D:3:      overflow_temple_1_default, first_bread, fedhas_altar_3
D:4:      old_standard_altar, minmay_temple_entry_enclosed_plants

Action                   |  1- 3 |  4- 6 || total
-------------------------+-------+-------++-------
Melee: War axe           |   134 |    52 ||   186
Throw: Throwing net      |     2 |       ||     2
  Use: Scroll            |     6 |       ||     6
       Potion            |     5 |     1 ||     6
 Stab: Distracted        |     1 |       ||     1
  Eat: Chunk             |     2 |     3 ||     5
       Royal jelly       |     1 |       ||     1
